 Dungeon Crawl Stone Soup version 0.31.0-11-ge490571c62 (webtiles) character file.

Game seed: 12841434793433754529

115 qw the Skirmisher (level 4, -2/25 HPs)
             Began as a Deep Elf Hunter on Feb 5, 2024.
             Incinerated by a bombardier beetle (3 damage)
             ... with a burning spray
             ... on level 3 of the Dungeon.
             The game lasted 00:01:02 (1626 turns).

qw the Skirmisher (Deep Elf Hunter)                 Turns: 1626, Time: 00:01:03

Health: -2/25      AC:  6    Str: 10    XL:     4   Next: 68%
Magic:  6/6        EV: 11    Int: 14    God:
Gold:   98         SH:  0    Dex: 18    Spells: 3/3 levels left

rFire   . . .        a - +0 shortbow
rCold   . . .        (shield currently unavailable)
rNeg    . . .        e - +1 ring mail
rPois   .            (no helmet)
rElec   .            (no cloak)
rCorr   .            (no gloves)
SInv    .            (no boots)
Will    .....        (no amulet)
Stlth   +            (no ring)
HPRegen 0.24/turn    (no ring)
MPRegen 0.10/turn

%: no passive effects
@: on fire, glowing
A: no striking features
a: no special abilities


You were on level 3 of the Dungeon.
You visited 1 branch of the dungeon, and saw 3 of its levels.

You collected 98 gold pieces.


   Skills:
 - Level 1.5 Fighting
 + Level 8.1 Ranged Weapons
 - Level 2.4 Dodging
 - Level 1.2 Stealth


You had 3 spell levels left.
You didn't know any spells.
Your spell library was empty.

Inventory:

Hand Weapons
 a - a +0 shortbow (weapon)
Armour
 e - a +1 ring mail (worn)
Scrolls
 b - a scroll of brand weapon {unknown}
 c - a scroll of identify
 d - a scroll of enchant weapon {unknown}
 f - a scroll of blinking {unknown}
Potions
 g - 2 potions of heal wounds
 h - a potion of degeneration {unknown}

Dungeon Overview and Level Annotations

Branches:
Dungeon (3/15)

Altars:


Message History

You shoot an arrow. The arrow hits the ribbon worm.
You kill the ribbon worm!
You see here a ribbon worm corpse.
h - a brown potion A bombardier beetle comes into view.
You shoot an arrow. The arrow hits the bombardier beetle!
The bombardier beetle is heavily wounded.
You shoot an arrow. The arrow hits the bombardier beetle.
The bombardier beetle is heavily wounded.
You shoot an arrow.
The arrow hits the bombardier beetle but does no damage.
The bombardier beetle is heavily wounded.
You shoot an arrow. The arrow hits the bombardier beetle.
The bombardier beetle is severely wounded.
The bombardier beetle sprays incendiary fluid at you.
The burning spray hits you.
You are covered in liquid fire!
You shoot an arrow.
The arrow hits the bombardier beetle but does no damage.
The bombardier beetle is severely wounded.
The liquid fire burns you!
You shoot an arrow.
The arrow hits the bombardier beetle but does no damage.
The bombardier beetle is severely wounded.
The liquid fire burns you!
You shoot an arrow.
The arrow hits the bombardier beetle but does no damage.
The bombardier beetle is severely wounded.
The liquid fire burns you!
You shoot an arrow. The arrow hits the bombardier beetle!
You kill the bombardier beetle!
The liquid fire burns you!
Your Ranged Weapons skill increases to level 8!
You are on fire!
The liquid fire burns you!
You are on fire!
The liquid fire burns you!
You are on fire!
The liquid fire burns you!
You die...

#.........# #.........#
#.........# #.........#
#.........# #.........#
#.........##########
#..@................
#....#.................
#.## #.###.......%.....
#.# #....######### #.#
####...# #.# ....# #..
....## #.. .....# ...
.......


There were no monsters in sight!

Vanquished Creatures
  A bombardier beetle (D:3)
  3 adders (D:3)
  A ribbon worm (D:3)
  7 ball pythons
  4 bats
  4 endoplasms
  2 giant cockroaches
  4 goblins
  8 hobgoblins
  3 jackals (D:1)
  3 kobolds (D:2)
  4 frilled lizards
  4 rats
48 creatures vanquished.

Notes
Turn   | Place    | Note
-------+----------+-------------------------------------------
     0 | D:1      | qw the Deep Elf Hunter began the quest for the Orb.
     0 | D:1      | Reached XP level 1. HP: 12/12 MP: 3/3
     0 | D:1      | 0 ||| qw: Version: 0.3-a-160-g6735b56
     0 | D:1      | 0 ||| qw: Game counter: 6383
     0 | D:1      | 0 ||| qw: Melee chars always use a shield: true
     0 | D:1      | 0 ||| qw: God list: Okawaru
     0 | D:1      | 0 ||| qw: Allow faded altars: false
     0 | D:1      | 0 ||| qw: Do Orc after clearing Dungeon:15 true
     0 | D:1      | 0 ||| qw: Do second Lair branch before Depths: true
     0 | D:1      | 0 ||| qw: Lair rune preference: random
     0 | D:1      | 0 ||| qw: Goals: Normal
     0 | D:1      | 0 ||| PLANNING D:1-11
   284 | D:1      | Reached skill level 6 in Ranged Weapons
   284 | D:1      | Reached XP level 2. HP: 16/16 MP: 4/4
   380 | D:1      | Found a faded altar of an unknown god.
   650 | D:1      | 650 ||| UPGRADING to +0 ring mail.
   660 | D:1      | 660 ||| DROPPING +0 leather armour.
   661 | D:1      | 661 ||| READING scroll labelled JUD HURPHILEAGE.
   661 | D:1      | 661 ||| ENCHANTING +0 ring mail.
   662 | D:1      | 662 ||| READING scroll labelled UHUTETZ HESE.
   663 | D:1      | 663 ||| DROPPING scroll of butterflies.
   773 | D:2      | Reached XP level 3. HP: 20/20 MP: 5/5
  1174 | D:2      | Reached skill level 7 in Ranged Weapons
  1312 | D:2      | 1312 ||| READING 5 scrolls labelled GIL OLILIE.
  1312 | D:2      | 1312 ||| IDENTIFYING lumpy ruby potion
  1313 | D:2      | 1313 ||| READING 4 scrolls of identify.
  1313 | D:2      | 1313 ||| IDENTIFYING yellow potion
  1314 | D:2      | 1314 ||| READING 3 scrolls of identify.
  1314 | D:2      | 1314 ||| IDENTIFYING 2 glowing dark potions
  1315 | D:2      | 1315 ||| READING 2 scrolls of identify.
  1315 | D:2      | 1315 ||| IDENTIFYING 2 viscous purple potions
  1316 | D:2      | 1316 ||| READING scroll of identify.
  1316 | D:2      | 1316 ||| IDENTIFYING scroll labelled XYAMACEOPT
  1317 | D:2      | 1317 ||| DROPPING scroll of immolation.
  1318 | D:2      | 1318 ||| DROPPING 2 potions of lignification.
  1319 | D:2      | 1319 ||| DROPPING potion of ambrosia.
  1320 | D:2      | 1320 ||| DROPPING 2 potions of attraction.
  1457 | D:3      | Reached XP level 4. HP: 25/25 MP: 6/6
  1624 | D:3      | Reached skill level 8 in Ranged Weapons
  1624 | D:3      | HP: 6/25 [burnt (2)]
  1625 | D:3      | HP: 1/25 [burnt (5)]
  1626 | D:3      | Incinerated by a bombardier beetle

Levels and vault maps discovered:
D:1:      shiori_arrival_whats_in_store_for_you, layout_basic,
          dreamdust_ecumenical_altar_grove
D:2:      wander_river, layout_loops_ring
D:3:      layout_basic, led_sif_book, minmay_rat_hole

Skill      XL: |  1  2  3  4 |
---------------+-------------+-----
Ranged Weapons | 6 7 8 |  8.1
Fighting       | |  1.5
Dodging        | |  2.4
Stealth        | |  1.2

Action                     |  1- 3 |  4- 6 || total
---------------------------+-------+-------++-------
   Fire: Shortbow          |   106 |    21 ||   127
    Use: Scroll            |     7 |       ||     7
 Armour: Leather armour    |     5 |       ||     5
         Ring mail         |    16 |       ||    16
  Dodge: Dodged            |    16 |       ||    16

Table legend:
 A = Non-vault XP
 B = Vault XP
 C = Vault XP percentage of total XP
 D = Non-vault monster count
 E = Vault monster count
 F = Vault count percentage of total count
                 A         B        C        D         E       F
            +---------+---------+-------+---------+---------+-------
      Total |     165 |       0 |   0.0 |      48 |       0 |   0.0
            +---------+---------+-------+---------+---------+-------
        D:1 |      34 |       0 |   0.0 |      21 |       0 |   0.0
        D:2 |      29 |       0 |   0.0 |      16 |       0 |   0.0
        D:3 |     102 |       0 |   0.0 |      11 |       0 |   0.0
            +---------+---------+-------+---------+---------+-------
